Map: Pylon LE

Players

ClemFromTemu

  • Race: Terran Terran
  • League: Grandmaster
  • Spawn Location: 5:00

llllllllllll - Winner!

  • Race: Protoss Protoss
  • League: Grandmaster
  • Spawn Location: 11:00

VOD

Have the link to the VOD?

Description

Time

  • Played on: June 1, 2025, 10:42 a.m.
  • Length: 9:53
Show
View Real Time Build Order
Export as new Build Order

ClemFromTemu Terran 

Build Orders: Cyclone Opening 

Get SALT Encoding   

  12  0:00  SCV  
  13  0:13  SCV  
  14  0:17  Supply Depot  
  14  0:25  SCV  
  15  0:39  SCV  
  15  0:40  Barracks  
  16  0:43  Refinery  
  16  0:51  SCV  
  16  0:53  Refinery  
  17  1:03  SCV  
  18  1:15  SCV  
  19  1:30  Orbital Command, Reaper  
  20  1:36  Supply Depot  
  20  1:44  Factory  
  20  1:56  SCV  
  21  2:03  Barracks Tech Lab  
  22  2:08  SCV  
  22  2:20  SCV  
  23  2:26  Command Center  
  23  2:32  SCV  
  24  2:39  Cyclone  
  24  2:44  Barracks Reactor  
  27  2:49  Starport  
  27  2:51  SCV  
  28  2:54  Supply Depot  
  28  3:03  SCV  
  29  3:12  Widow Mine  
  31  3:15  SCV  
  32  3:20  Marine x2  
  32  3:27  Medivac, SCV  
  37  3:37  Marine, Widow Mine  
  37  3:38  Marine, Orbital Command  
  40  3:45  SCV  
  41  3:51  Barracks  
  41  3:55  Marine  
  41  3:58  SCV  
  41  3:59  Starport Tech Lab  
  41  4:00  Siege Tank  
  46  4:04  Supply Depot  
  46  4:06  SCV  
  47  4:10  SCV  
  47  4:14  Bunker  
  47  4:16  Marine x2  
  50  4:20  Banshee  
  50  4:23  SCV  
  54  4:25  SCV  
  54  4:30  Supply Depot  
  55  4:35  SCV, Siege Tank  
  55  4:37  SCV  
  60  4:40  Marine  
  60  4:42  Marine  
  60  4:44  Barracks Tech Lab  
  62  4:51  SCV x2, Barracks  
  64  4:53  Supply Depot  
  65  5:04  SCV x2  
  65  5:06  Marine x2  
  68  5:10  Engineering Bay  
  68  5:13  Refinery, Stimpack  
  68  5:14  Starport Reactor  
  68  5:16  SCV x2, Marauder  
  68  5:21  Supply Depot  
  72  5:28  SCV x2  
  74  5:29  Factory Reactor, Marine x2  
  76  5:37  Marauder  
  76  5:38  Refinery  
  76  5:42  SCV x2  
  80  5:43  Terran Infantry Weapons Level 1  
  80  5:45  Supply Depot  
  80  5:48  Supply Depot, Marine x2  
  82  5:54  SCV  
  82  5:56  Combat Shield  
  83  5:58  Marauder  
  85  6:06  Supply Depot  
  85  6:07  Widow Mine x2, Marauder  
  85  6:10  Supply Depot  
  85  6:11  Marine x2  
  91  6:13  Medivac  
  95  6:19  Marauder  
  95  6:22  Medivac  
  99  6:29  Marine x2, Marauder  
  99  6:30  Supply Depot  
  99  6:31  Supply Depot, SCV  
  104  6:34  SCV  
  105  6:40  Marauder  
  105  6:43  Medivac  
  105  6:46  Marine, Widow Mine  
  111  6:48  Supply Depot  
  111  6:50  Marauder  
  113  6:57  SCV  
  114  7:02  Marauder  
  114  7:03  Marine  
  114  7:04  Marine  
  114  7:11  Marauder  
  109  7:16  Medivac x2  
  109  7:21  Marine  
  109  7:22  Marine  
  109  7:23  Marauder  
  108  7:31  Command Center  
  108  7:33  Concussive Shells, Marauder  
  110  7:38  Barracks  
  110  7:39  Marine, Barracks  
  110  7:40  Marine  
  110  7:43  SCV  
  113  7:45  Marauder  
  113  7:46  Ghost Academy, SCV  
  116  7:54  Marine  
  116  7:57  Marine  
  116  7:58  Marine  
  111  8:04  Widow Mine x2  
  115  8:07  SCV x2  
  115  8:08  Marine  
  115  8:09  Supply Depot  
  115  8:11  Marine  
  116  8:18  Marine  
  116  8:19  SCV  
  104  8:24  Marine  
  104  8:25  Widow Mine  
  104  8:27  Barracks Reactor, Barracks Tech Lab  
  102  8:28  SCV  
  102  8:29  Ghost  
  102  8:33  Widow Mine  
  108  8:34  Ghost  
  108  8:36  Marine  
  104  8:42  Marine, Viking  
  104  8:46  Viking  
  104  8:48  SCV  
  110  8:50  SCV  
  110  8:54  Marine  
  112  9:00  SCV  
  116  9:03  Marine  
  116  9:04  Marine, Sensor Tower  
  116  9:05  Marine  
  119  9:12  Orbital Command  
  119  9:13  Marine  
  119  9:15  SCV x2  
  119  9:16  Marine x2  
  121  9:17  Marine  
  121  9:21  Marine  
  121  9:31  Marine  
  123  9:32  Marine x2  
Show
View Real Time Build Order
Export as new Build Order

llllllllllll Protoss - Winner!

Build Orders: 1 Gate Expand, Phoenix Opening 

Get SALT Encoding   

  12  0:00  Probe  
  13  0:12  Probe  
  14  0:17  Pylon  
  14  0:24  Probe  
  15  0:32  Probe  
  15  0:37  Gateway  
  15  0:40  Probe  
  16  0:45  Assimilator  
  17  0:51  Probe  
  18  1:03  Probe  
  19  1:15  Probe  
  20  1:21  Nexus  
  20  1:31  Cybernetics Core  
  20  1:35  Probe  
  20  1:39  Assimilator  
  22  1:47  Probe  
  22  1:50  Pylon  
  22  1:56  Stalker  
  22  1:59  Probe  
  23  2:08  Warp Gate  
  23  2:11  Probe  
  26  2:23  Probe  
  26  2:25  Sentry  
  26  2:26  Phoenix  
  29  2:31  Probe  
  29  2:35  Probe  
  31  2:39  Probe  
  32  2:44  Twilight Council  
  32  2:47  Probe  
  32  2:49  Probe  
  32  2:50  Stalker  
  36  2:59  Gateway  
  36  3:00  Probe  
  36  3:01  Probe  
  38  3:11  Charge  
  38  3:12  Probe  
  39  3:13  Probe  
  40  3:20  Shield Battery  
  40  3:23  Robotics Facility  
  40  3:24  Probe  
  40  3:25  Probe  
  42  3:36  Probe  
  42  3:37  Probe  
  44  3:45  Nexus  
  44  3:48  Probe  
  44  3:49  Pylon, Probe  
  44  3:54  Pylon  
  46  3:59  Phoenix  
  46  4:07  Probe x2  
  46  4:08  Stalker x2  
  52  4:10  Observer  
  52  4:12  Assimilator  
  52  4:14  Assimilator  
  53  4:19  Pylon, Probe x2  
  55  4:31  Probe  
  55  4:32  Probe  
  55  4:35  Stalker  
  55  4:36  Stalker  
  61  4:40  Forge  
  61  4:43  Protoss Ground Weapons Level 1, Probe  
  61  4:45  Probe  
  63  4:48  Templar Archives  
  63  4:55  Probe  
  63  4:56  Blink  
  63  4:57  Probe  
  63  4:58  Phoenix  
  65  5:01  Gateway, Probe  
  65  5:03  Gateway  
  66  5:08  Probe  
  66  5:09  Probe  
  66  5:13  Probe  
  69  5:16  Gateway  
  69  5:17  Gateway  
  69  5:18  Psionic Storm  
  69  5:20  Probe  
  70  5:21  Probe  
  70  5:25  Probe  
  72  5:32  Probe  
  72  5:33  Probe  
  74  5:41  Gateway, Probe  
  75  5:43  Gateway  
  75  5:44  Pylon  
  75  5:48  Zealot x2  
  79  5:50  Pylon  
  79  5:52  Pylon  
  79  5:53  Observer  
  79  6:01  Zealot x2  
  83  6:06  Gateway x2  
  83  6:08  Zealot x2, Pylon  
  87  6:12  Zealot x2  
  91  6:23  Zealot x2  
  95  6:29  Protoss Ground Weapons Level 2  
  95  6:31  High Templar x2  
  99  6:33  High Templar x2, Pylon  
  103  6:43  High Templar, Zealot  
  103  6:44  Zealot x2  
  110  6:48  Pylon  
  110  7:03  Zealot x4, Nexus  
  110  7:05  Pylon  
  110  7:06  Pylon  
  110  7:11  Zealot x5  
  108  7:17  Stalker  
  105  7:24  Zealot x4  
  105  7:27  Robotics Bay  
  105  7:28  Robotics Facility  
  113  7:35  Probe x3  
  116  7:38  Warp Prism  
  116  7:43  Zealot  
  120  7:47  Zealot, Probe x3  
  122  7:52  Zealot  
  116  7:58  Zealot x2  
  116  7:59  Probe x3  
  116  8:04  Zealot x2  
  127  8:07  Zealot  
  127  8:11  Probe x3  
  132  8:15  Zealot x2  
  132  8:16  Probe  
  131  8:23  Probe x3  
  131  8:25  Zealot x4  
  123  8:28  Colossus, Probe  
  123  8:29  Colossus  
  128  8:47  High Templar x2  
  128  8:48  High Templar, Zealot  
  134  8:49  Zealot x2  
  140  8:58  Pylon  
  140  9:05  Pylon  
  140  9:07  Pylon  
  140  9:09  Zealot x6  
  152  9:19  Pylon  
  152  9:26  Archon x2  
  142  9:35  Zealot x10  
Tags
 
Add a new tag
Caveats
  • Supply blocks, unpowered buildings, or Contaminate may cause inaccurate times.
  • Supply counts are checked every 10 seconds.